Map: Romanticide LE

Players

NicKKlaus

  • Race: Zerg Zerg
  • Spawn Location: 5:00

ViBE - Winner!

  • Race: Protoss Protoss
  • League: Gold
  • Spawn Location: 11:00

VOD

Have the link to the VOD?

Description

Time

  • Played on: March 22, 2021, 12:01 a.m.
  • Length: 13:43
Show
View Real Time Build Order
Export as new Build Order

NicKKlaus Zerg 

Build Orders: Hatch First 

Get SALT Encoding   

  12  0:01  Drone  
  13  0:15  Overlord  
  13  0:21  Drone  
  14  0:43  Hatchery  
  14  0:46  Drone  
  14  0:50  Drone  
  15  1:03  Extractor  
  14  1:07  Spawning Pool  
  13  1:11  Drone  
  13  1:15  Drone  
  15  1:20  Drone  
  15  1:25  Drone  
  17  1:34  Drone  
  18  1:45  Drone  
  19  1:54  Queen  
  19  1:55  Queen  
  19  1:58  Drone  
  24  2:04  Drone  
  24  2:08  Metabolic Boost  
  25  2:23  Drone x2  
  25  2:24  Overlord  
  27  2:39  Hatchery  
  27  2:43  Hatchery  
  26  2:46  Drone x2  
  26  2:48  Drone  
  29  2:53  Drone x2  
  29  2:57  Drone  
  32  3:02  Drone  
  32  3:03  Drone  
  34  3:14  Drone  
  35  3:22  Drone  
  35  3:24  Overlord  
  35  3:25  Overlord  
  36  3:42  Queen  
  36  3:43  Zergling x10  
  43  3:48  Drone x2  
  43  3:49  Drone x2  
  43  3:51  Drone  
  48  3:56  Queen  
  48  3:58  Drone  
  48  4:01  Drone  
  52  4:04  Drone  
  52  4:06  Drone  
  54  4:10  Lair  
  54  4:15  Baneling Nest  
  54  4:16  Roach Warren  
  52  4:17  Drone  
  52  4:19  Drone  
  54  4:28  Drone  
  54  4:29  Drone x3  
  58  4:34  Extractor  
  58  4:36  Extractor  
  56  4:38  Extractor  
  56  4:39  Drone  
  56  4:40  Extractor  
  56  4:41  Drone x2  
  56  4:42  Drone  
  58  4:48  Overlord x4  
  58  5:03  Overlord x2  
  58  5:04  Overlord x2  
  58  5:14  Roach x2  
  62  5:15  Roach  
  62  5:17  Roach x4  
  72  5:37  Roach x3  
  72  5:39  Roach x2  
  72  5:40  Roach  
  84  5:44  Spore Crawler  
  84  5:46  Spore Crawler  
  84  5:49  Spore Crawler  
  81  5:52  Roach x2  
  85  6:01  Baneling x6  
  85  6:02  Baneling x3  
  85  6:09  Drone x3  
  85  6:11  Drone x3  
  91  6:21  Drone x4  
  91  6:25  Extractor, Drone  
  94  6:26  Drone  
  94  6:27  Drone  
  97  6:36  Drone, Evolution Chamber  
  97  6:37  Drone x2, Evolution Chamber  
  97  6:38  Drone x3  
  101  6:40  Drone x4  
  105  6:54  Roach x2  
  109  6:56  Roach  
  111  7:04  Roach  
  111  7:05  Overlord x2  
  111  7:06  Overlord  
  111  7:07  Overlord x3  
  113  7:12  Centrifical Hooks  
  113  7:31  Hydralisk Den  
  116  7:44  Roach x5  
  116  7:46  Roach  
  116  7:47  Roach x2  
  116  7:48  Roach x3  
  116  7:49  Roach x2  
  138  8:00  Drone  
  138  8:03  Zerg Missile Weapons Level 1  
  138  8:04  Zerg Ground Armor Level 1  
  139  8:07  Zergling x4  
  139  8:08  Zergling x4  
  139  8:09  Zergling x2  
  139  8:10  Zergling x2  
  139  8:11  Zergling x2  
  146  8:33  Baneling x3  
  146  8:34  Baneling x7  
  146  8:35  Baneling x4  
  146  8:36  Hydralisk x2  
  146  8:37  Hydralisk x2  
  146  8:39  Hatchery, Grooved Spines  
  146  8:40  Overlord x2  
  146  8:41  Overlord x2  
  153  8:42  Overlord x3  
  153  8:58  Hydralisk x5  
  153  9:01  Hydralisk x4  
  171  9:03  Hydralisk  
  173  9:16  Hydralisk x2  
  177  9:19  Roach  
  177  9:20  Roach x3  
  177  9:21  Roach  
  187  9:31  Roach x4  
  195  9:32  Roach x2  
  199  9:46  Overlord x2  
  199  9:51  Muscular Augments  
  199  10:01  Zerg Missile Weapons Level 2  
  199  10:02  Zerg Ground Armor Level 2  
  162  10:22  Roach x4  
  162  10:23  Roach x2  
  162  10:24  Roach x2  
  162  10:25  Roach x4  
  105  10:48  Roach x2  
  105  10:54  Hydralisk x6  
  105  10:55  Hydralisk x6  
  127  11:03  Zergling x2  
  129  11:11  Zergling x2  
  129  11:12  Zergling x4  
  129  11:13  Zergling x2  
  129  11:14  Zergling x4  
  134  11:25  Zergling x8  
  138  11:27  Zergling x8  
  138  11:28  Zergling x2  
  138  11:29  Zergling x4  
  138  11:32  Baneling x4  
  145  11:33  Baneling x6  
  145  11:45  Drone x3  
  145  11:46  Queen  
  150  11:53  Hydralisk x4  
  150  11:54  Hydralisk  
  158  11:55  Hydralisk x3  
  158  11:56  Hydralisk x2  
  167  12:04  Extractor  
  115  12:09  Extractor  
  115  12:12  Hydralisk  
  115  12:13  Hydralisk  
  115  12:14  Hydralisk x2  
  100  12:15  Hydralisk  
  100  12:16  Hydralisk x3  
  108  12:29  Hydralisk x3  
  108  12:31  Hydralisk x3  
  108  12:33  Hydralisk  
  122  12:48  Hydralisk x4  
  130  12:53  Zergling x8  
  130  12:54  Zergling x2  
  130  12:55  Zergling x6  
  130  12:56  Zergling x4  
Show
View Real Time Build Order
Export as new Build Order

ViBE Protoss - Winner!

Build Orders: 1 Gate Expand, Archon Immortal 

Get SALT Encoding   

  12  0:00  Probe  
  13  0:13  Probe  
  14  0:24  Pylon  
  14  0:25  Probe  
  15  0:42  Probe (Chrono Boost), Gateway  
  16  0:54  Probe (Chrono Boost)  
  16  0:55  Assimilator  
  17  1:02  Probe (Chrono Boost)  
  18  1:08  Probe  
  19  1:20  Probe  
  20  1:28  Nexus  
  20  1:34  Cybernetics Core  
  20  1:43  Probe  
  20  1:46  Assimilator  
  21  1:55  Probe  
  21  1:56  Pylon  
  22  2:07  Probe (Chrono Boost)  
  23  2:11  Warp Gate  
  23  2:14  Stalker  
  25  2:19  Probe (Chrono Boost)  
  26  2:27  Probe (Chrono Boost)  
  27  2:36  Probe (Chrono Boost)  
  28  2:41  Probe (Chrono Boost)  
  29  2:45  Sentry  
  29  2:48  Probe (Chrono Boost)  
  29  2:51  Probe (Chrono Boost)  
  33  2:53  Probe (Chrono Boost)  
  33  2:56  Probe (Chrono Boost)  
  35  3:03  Probe (Chrono Boost), Robotics Facility  
  36  3:06  Gateway  
  36  3:07  Probe (Chrono Boost)  
  28  3:12  Stalker  
  37  3:18  Probe (Chrono Boost)  
  41  3:20  Probe (Chrono Boost)  
  41  3:23  Probe (Chrono Boost)  
  41  3:26  Probe  
  43  3:27  Pylon  
  43  3:29  Pylon  
  43  3:33  Probe  
  44  3:38  Probe  
  44  3:40  Pylon  
  45  3:45  Probe  
  46  3:50  Probe  
  47  3:57  Nexus  
  47  3:58  Probe (Chrono Boost), Observer, Pylon  
  47  4:01  Stalker  
  47  4:02  Stalker  
  53  4:03  Probe (Chrono Boost)  
  55  4:13  Assimilator  
  55  4:14  Probe (Chrono Boost)  
  55  4:15  Probe (Chrono Boost), Assimilator  
  56  4:20  Probe (Chrono Boost), Immortal  
  56  4:23  Probe  
  62  4:35  Probe x2  
  62  4:37  Stalker x2  
  68  4:45  Pylon  
  68  4:47  Probe x2 (Chrono Boost)  
  70  4:59  Probe x2 (Chrono Boost), Immortal  
  76  5:03  Stalker x2  
  76  5:04  Probe x2 (Chrono Boost)  
  82  5:18  Probe x2  
  82  5:19  Probe  
  85  5:22  Gateway  
  85  5:23  Gateway  
  85  5:27  Gateway  
  85  5:30  Probe x2  
  85  5:31  Probe  
  85  5:34  Twilight Council  
  88  5:36  Forge  
  88  5:38  Forge  
  88  5:42  Probe x2  
  90  5:43  Probe  
  90  5:46  Immortal  
  95  5:56  Stalker x2  
  99  5:58  Probe x2  
  101  6:10  Nexus  
  101  6:12  Pylon  
  101  6:15  Pylon  
  101  6:16  Protoss Ground Weapons Level 1 (Chrono Boost), Protoss Ground Armor Level 1 (Chrono Boost)  
  101  6:17  Charge (Chrono Boost)  
  101  6:18  Assimilator x2  
  101  6:27  Pylon  
  101  6:30  Probe  
  101  6:31  Pylon  
  102  6:34  Pylon  
  102  6:36  Pylon  
  102  6:43  Pylon  
  102  6:44  Templar Archives  
  102  6:45  Stalker x5  
  112  6:50  Probe x3  
  115  7:02  Probe x3, Immortal  
  115  7:07  Pylon  
  122  7:11  Pylon  
  122  7:14  Probe x3  
  125  7:23  High Templar x3  
  125  7:24  High Templar, Stalker  
  125  7:26  Probe x3  
  138  7:33  Archon  
  138  7:34  Archon  
  138  7:39  Probe x4  
  138  7:42  Immortal, Assimilator  
  138  7:43  Assimilator  
  146  7:45  Gateway  
  146  7:47  Gateway  
  146  7:48  Gateway  
  146  7:49  Gateway  
  146  8:01  Zealot x2  
  146  8:02  Zealot x3  
  146  8:05  Probe x2  
  158  8:12  Protoss Ground Weapons Level 2 (Chrono Boost), Protoss Ground Armor Level 2 (Chrono Boost)  
  158  8:16  Nexus  
  158  8:18  Pylon  
  158  8:21  Pylon  
  158  8:23  Zealot  
  158  8:24  Zealot x4  
  158  8:26  Immortal  
  172  9:04  Pylon  
  172  9:19  High Templar x2  
  172  9:20  High Templar x2  
  172  9:21  High Templar x4  
  172  9:22  Zealot  
  190  9:27  Archon  
  190  9:28  Archon x3  
  190  9:29  Immortal  
  190  9:36  Unknown  
  194  9:56  Zealot x2  
  194  9:57  Zealot  
  186  10:15  Immortal  
  186  10:19  Zealot x5  
  186  10:20  Zealot x4  
  174  10:25  Robotics Facility  
  174  10:27  Gateway  
  152  10:29  Gateway  
  152  10:30  Gateway  
  152  10:32  Gateway, Protoss Ground Armor Level 3 (Chrono Boost), Protoss Ground Weapons Level 3 (Chrono Boost)  
  152  10:34  Gateway  
  136  10:37  Gateway  
  136  10:38  Gateway  
  136  10:39  Gateway  
  136  10:41  Gateway  
  120  10:43  High Templar x6  
  120  10:44  High Templar x2  
  120  10:45  Zealot  
  120  10:48  Archon x2  
  120  10:49  Archon  
  138  10:50  Archon  
  138  10:51  Gateway  
  138  10:54  Gateway  
  138  10:56  Gateway  
  138  10:57  Gateway  
  138  11:23  Zealot x3  
  138  11:24  Zealot x5  
  138  11:25  Zealot x2  
  156  11:26  Zealot x3  
  156  11:28  Immortal x2  
  171  11:48  Zealot  
  171  11:49  Zealot x5  
  171  11:50  Zealot x4  
  171  11:51  Zealot x4  
  195  12:07  Probe  
  170  12:13  Nexus  
  164  12:17  Pylon  
  164  12:18  Zealot x4  
  164  12:19  Pylon, Zealot x5  
  164  12:20  Zealot x6  
  164  12:21  Zealot x3  
  156  13:23  Zealot x2  
  156  13:24  Zealot x5  
  156  13:25  Zealot x4  
  156  13:26  Zealot x6  
  190  13:27  Zealot x4  
  190  13:28  Zealot  
Tags
 
Composition
Archon Immortal
League
Gold
Matchup
PvZ
Player
ViBE
Replay Pack
Gold_League
Spawn Locations
Cross Positions
Add a new tag
Caveats
  • Supply blocks, unpowered buildings, or Contaminate may cause inaccurate times.
  • Supply counts are checked every 10 seconds.